 Dungeon Crawl Stone Soup version 0.30-a0-634-g8abc85282e (webtiles) character file.

Game seed: 1080598102840297067

214 bande the Trooper (level 5, -1/33 HPs)
             Began as a Gargoyle Fighter on Jan 15, 2023.
             Slain by a gnoll
             ... wielding a +0 spear
              (3 damage)
             ... on level 4 of the Dungeon.
             The game lasted 00:03:10 (2364 turns).

bande the Trooper (Gargoyle Fighter)                Turns: 2364, Time: 00:03:10

Health: -1/33      AC: 13    Str: 20    XL:     5   Next: 92%
Magic:  5/5        EV:  7    Int:  8    God:
Gold:   124        SH:  4    Dex: 11    Spells: 4/4 levels left

rFire   . . .      SeeInvis .    a - +0 war axe
rCold   . . .      Faith    .    c - +0 buckler
rNeg    + . .      Spirit   .    j - +0 chain mail
rPois   ∞          Reflect  .    (no helmet)
rElec   +          Harm     .    (no cloak)
rCorr   .          Rampage  .    (no gloves)
Will    .....                    (no boots) Stlth
                                 s - amulet of regeneration
HPRegen 1.05/turn                (no ring)
MPRegen 0.09/turn                (no ring)

@: no status effects
A: sickness immunity, AC +4, negative energy resistance 1, electricity
resistance, torment resistance 1, petrification resistance
a: no special abilities


You were on level 4 of the Dungeon.
You visited 1 branch of the dungeon, and saw 4 of its levels.

You collected 124 gold pieces.

Inventory:

Hand Weapons
 a - a +0 war axe (weapon)
 p - a +0 flail
Armour
 c - a +0 buckler (worn)
 j - a +0 chain mail (worn)
Jewellery
 s - an amulet of regeneration (around neck)
Scrolls
 e - 2 scrolls of identify {unknown}
 f - a scroll of fear {unknown}
 h - a scroll of acquirement {unknown}
 i - a scroll of immolation {unknown}
 k - a scroll of vulnerability {unknown}
 l - a scroll of fog {unknown}
 m - 3 scrolls of teleportation {unknown}
 n - a scroll of blinking {unknown}
Potions
 b - 3 potions of curing
 d - a potion of might
 g - a potion of berserk rage {unknown}
 o - a potion of magic {unknown}
 q - a potion of degeneration {unknown}
 r - a potion of cancellation {unknown}


   Skills:
 + Level 4.2 Fighting
 + Level 4.0 Axes
 + Level 4.1 Armour
 + Level 3.9 Shields


You had 4 spell levels left.
You didn't know any spells.
Your spell library contained the following spells:

 Spells                   Type           Power      Damage    Failure   Level
 Apportation              Tloc           0%         N/A       99%         1
 Alistair's Intoxication  Tmut/Pois      0%         N/A       100%        5


Dungeon Overview and Level Annotations

Branches:
Dungeon (4/15)
 Temple: D:4-7

Altars:
Kikubaaqudgha


Innate Abilities, Weirdness & Mutations

You are immune to sickness and miasma.
Your stone body is resilient. (AC +4)
You are immune to poison.
You resist negative energy. (rN+)
You are resistant to electric shocks. (rElec)
You are resistant to unholy torment.
You are immune to petrification.


Message History

Found a stone staircase leading up.
You miss the adder. The adder closely misses you.
A gnoll comes into view. It is wielding a +0 spear.
The adder bites you but does no damage.
You closely miss the adder.
The gnoll shouts!
A gnoll comes into view. It is wielding a +0 halberd.
The gnoll completely misses you. The adder barely misses you.
A gnoll comes into view.
It is wielding a +1 whip of electrocution.
The gnoll hits you but does no damage. The adder closely misses you.
The gnoll shouts!
You slash the adder!
The adder is severely wounded.
The adder completely misses you. The gnoll hits you but does no damage.
You slash the adder!
You kill the adder!
The gnoll hits you but does no damage.
A jelly comes into view.
The jelly quivers.
The gnoll barely misses you. The gnoll hits you with a +0 halberd!
You hit the gnoll.
The gnoll is moderately wounded.
You block the gnoll's attack.
The gnoll hits you but does no damage. x2
You block the gnoll's attack.
The gnoll hits you but does no damage. x2
You closely miss the gnoll.
The gnoll is moderately wounded.
You closely miss the gnoll.
A quokka comes into view.
The gnoll barely misses you. x2
The gnoll hits you from afar with a +0 spear.
You hit the gnoll.
The gnoll is almost dead.
You barely miss the gnoll. The gnoll barely misses you.
You block the gnoll's attack. x2; The gnoll hits you with a +0 halberd.
The gnoll hits you but does no damage.
The gnoll hits you from afar with a +0 halberd.
The gnoll hits you with a +0 halberd!
* * * LOW HITPOINT WARNING * * *
The gnoll hits you from afar with a +0 spear.
You die...

# ## ##### ##.
##...### # ...
##......#.##
##.#.#.!........#
.......).<......#
#.......†...[...#
#.......@g.......
###....g#J.......
##...g#.g......
#.....##.......
#..##.. .#.....
.... ... .r...#.
.... ... ...<. ..
.. #. .#


You could see a jelly, 4 gnolls and a quokka.

Vanquished Creatures
  A scorpion (D:4)
  An orc priest (D:3)
  An orc wizard (D:3)
  3 adders
  An ufetubus (D:4)
  A dart slug (D:2)
  5 orcs (D:3)
  6 endoplasms
  4 giant cockroaches
  2 hobgoblins
  5 kobolds
  3 quokkas
  5 ball pythons
  2 bats
  2 frilled lizards
  7 goblins
  22 rats
71 creatures vanquished.

Vanquished Creatures (others)
  3 withered plants (D:3)
3 creatures vanquished.

Grand Total: 74 creatures vanquished

Notes
Turn   | Place    | Note
-------+----------+-------------------------------------------
     0 | D:1      | bande the Gargoyle Fighter began the quest for the Orb.
     0 | D:1      | Reached XP level 1. HP: 14/14 MP: 1/1
   306 | D:1      | Reached XP level 2. HP: 19/19 MP: 2/2
   964 | D:2      | Found a faded altar of an unknown god.
   969 | D:2      | Reached XP level 3. HP: 24/24 MP: 3/3
  1561 | D:3      | Reached XP level 4. HP: 26/29 MP: 4/4
  1845 | D:3      | Reached XP level 5. HP: 5/33 MP: 5/5
  2149 | D:3      | Found an ancient bone altar of Kikubaaqudgha.
  2364 | D:4      | Slain by a gnoll

Illustrated notes

Levels and vault maps discovered:
D:1:      lightli_arrival_maybe_door_vault, layout_basic
D:2:      layout_basic, hellmonk_ecumenical_altar_arch_garden, nrook_campfire
D:3:      layout_basic, kiku_gazebo_garden_becter, reono_crystal_passage,
          minmay_rat_hole
D:4:      layout_cave_pools, tgw_fedhas, cheibrodos_ashenzari_chains,
          minmay_temple_entry_large_hall,
          hangedman_abyss_or_decor_jellyfish_corner

Skill      XL: |  1  2  3  4  5 |
---------------+----------------+-----
Axes           | 2 3 4 |  4.0
Armour         | 4 |  4.1
Fighting       | 4 |  4.2
Shields        | |  3.9

Action                   |  1- 3 |  4- 6 || total
-------------------------+-------+-------++-------
Melee: War axe           |    60 |    93 ||   153
  Use: Potion            |       |     1 ||     1
Armor: Scale mail        |    12 |       ||    12
       Chain mail        |    20 |    80 ||   100
Dodge: Dodged            |    17 |    44 ||    61
Block: Buckler           |     7 |    31 ||    38

Table legend: (Time is in decaauts)
 A = Elapsed time spent in this place.
 B = Non-inter-level travel time spent in this place.
 C = Inter-level travel time spent in this place.
 D = Time resting spent in this place.
 E = Time spent auto-exploring this place.
 F = Levels seen in this place.
 G = Mean time per level.
                   A        B        C        D        E       F      G
               +--------+--------+--------+--------+--------+-----+--------+
         Total |   2423 |   2377 |     46 |    312 |   1635 |   4 |  605.8 |
       Dungeon |   2423 |   2377 |     46 |    312 |   1635 |   4 |  605.8 |
               +--------+--------+--------+--------+--------+-----+--------+

Top non-repeatable levels by time:
     D:3: 838 daAuts
     D:1: 822 daAuts
     D:2: 729 daAuts
     D:4: 32 daAuts
